 Dungeon Crawl Stone Soup version 0.23.2-33-g5129a83184 (webtiles) character file.

Game seed: 11938672639925912834

148 Brecoman the Covered (level 5, -2/33 HPs)
             Began as a Gargoyle Fighter on July 18, 2019.
             Slain by a hound (4 damage)
             ... on level 4 of the Dungeon.
             The game lasted 00:04:03 (2440 turns).

Brecoman the Covered (Gargoyle Fighter)             Turns: 2440, Time: 00:04:04

Health: -2/33      AC: 11    Str: 26    XL:     5   Next: 30%
Magic:  5/5        EV:  7    Int:  8    God:
Gold:   145        SH: 10    Dex:  9    Spells: 4/4 levels left

rFire    . . .     SeeInvis .   a - +0 flail
rCold    . . .     Gourm    .   c - +0 shield
rNeg     + . .     Faith    .   b - +0 scale mail
rPois    ∞         Spirit   .   (no helmet)
rElec    +         Reflect  .   (no cloak)
rCorr    .         Harm     .   (no gloves)
MR       .....                  (no boots)
Stlth    ..........             (no amulet)
HPRegen  0.11/turn              (no ring)
MPRegen  0.09/turn              (no ring)

@: mighty
A: negative energy resistance 1, electricity resistance, unbreathing,
petrification resistance, rot immunity, AC +4
a: no special abilities


You were on level 4 of the Dungeon.
You were not hungry.

You visited 1 branch of the dungeon, and saw 4 of its levels.

You collected 145 gold pieces.

Inventory:

Hand Weapons
 a - a +0 flail (weapon)
Missiles
 o - 109 stones (quivered)
Armour
 b - a +0 scale mail (worn)
 c - a +0 shield (worn)
Jewellery
 k - an uncursed amulet of faith {unknown}
 r - a cursed ring of attention {unknown}
Scrolls
 g - 3 scrolls of identify {unknown}
 h - a scroll of fog {unknown}
 j - 2 scrolls of remove curse {unknown}
 l - a scroll of enchant armour {unknown}
 m - a scroll of teleportation {unknown}
 s - a scroll of amnesia {unknown}
 t - a scroll of noise {unknown}
Potions
 d - a potion of might
 e - 2 potions of haste {unknown}
 i - 2 potions of heal wounds {unknown}
 n - a potion of agility {unknown}
 p - a potion of flight {unknown}
 u - a potion of degeneration {unknown}
Comestibles
 f - 5 rations
 q - a chunk of flesh


   Skills:
 + Level 4.2 Fighting
 + Level 3.2 Maces & Flails
 + Level 4.2 Armour
 - Level 0.1 Dodging
 + Level 4.1 Shields


You had 4 spell levels left.
You didn't know any spells.
Your spell library was empty.

Dungeon Overview and Level Annotations

Branches:
Dungeon (4/15)
 Temple: D:4-7

Altars:
Gozag
Nemelex Xobeh


Innate Abilities, Weirdness & Mutations

You are resistant to torment.
Your stone body is resilient. (AC +4)
You are immune to poison.
You resist negative energy. (rN+)
You are resistant to electric shocks. (rElec)
You can survive without breathing.
You are immune to petrification.
You are immune to rotting.


Message History

* * * LOW HITPOINT WARNING * * *
You hit the leopard gecko.
You kill the leopard gecko!
The orc wizard hits you but does no damage. x2
The orc wizard gestures at you while chanting.
You resist with some effort. The hound bites you.
* * * LOW HITPOINT WARNING * * *
You block the orc's attack. x2
The orc wizard hits you but does no damage.
Okay, then.
You feel very mighty all of a sudden. You block the orc wizard's attack.
The hound bites you but does no damage. The orc barely misses you.
The orc hits you with a +0 war axe.
* * * LOW HITPOINT WARNING * * *
The orc wizard barely misses you. You block the hound's attack.
You block the orc wizard's attack.
You miss the hound.
The orc wizard hits you but does no damage.
The hound bites you.
You die...

..# .# .. .# #. ..
.# . ##. .#.### ..
##... .....#...
.....# #w.......
.....#####oo.....#
......#..#@oo.)...
#.#...Zho#.##..#
#..<...## #
#........#
#...##.#.... #..##
..###..# #.. #..#
..# ... ..## .#
### #.. .


You could see a hound, 2 orc wizards, a dart slug, 3 orcs and a centaur
skeleton.

Vanquished Creatures
  5 adders (D:2)
  An ooze (D:1)
  5 worms
  3 dart slugs
  4 leopard geckos
  5 orcs (D:3)
  2 ball pythons
  8 bats
  3 giant cockroaches
  11 goblins
  8 hobgoblins
  2 frilled lizards
  8 kobolds
  5 rats
70 creatures vanquished.

Notes
Turn   | Place    | Note
-------+----------+-------------------------------------------
     0 | D:1      | Brecoman the Gargoyle Fighter began the quest for the Orb.
     0 | D:1      | Reached XP level 1. HP: 14/14 MP: 1/1
    61 | D:1      | Reached XP level 2. HP: 18/19 MP: 2/2
   313 | D:1      | Reached XP level 3. HP: 8/23 MP: 3/3
  1017 | D:2      | Found a faded altar of an unknown god.
  1087 | D:2      | Reached XP level 4. HP: 25/29 MP: 4/4
  1880 | D:3      | Reached XP level 5. HP: 33/33 MP: 5/5
  2120 | D:3      | Found an opulent altar of Gozag.
  2120 | D:3      | Found a sparkling altar of Nemelex Xobeh.
  2440 | D:4      | Slain by a hound

Skill      XL: |  1  2  3  4 |
---------------+-------------+-----
Armour         | 4 |  4.2
Fighting       | 4 |  4.2
Maces & Flails | 3 |  3.2
Shields        | 4 |  4.1
Dodging        | |  0.1

Action                   |  1- 3 |  4- 6 || total
-------------------------+-------+-------++-------
Melee: Flail             |   125 |   167 ||   292
  Use: Potion            |       |     1 ||     1
  Eat: Chunk             |     1 |     5 ||     6
Armor: Scale mail        |   107 |   111 ||   218
Dodge: Dodged            |    55 |    71 ||   126
Block: Shield            |    95 |   109 ||   204
